 Dungeon Crawl Stone Soup version 0.31.0-11-ge490571c62 (webtiles) character file.

Game seed: 3289923831141859469

12 qw the Shooter (level 2, -3/14 HPs)
             Began as a Spriggan Hunter on Feb 5, 2024.
             Frozen to death by an endoplasm (5 damage)
             ... on level 1 of the Dungeon.
             The game lasted 00:00:14 (1059 turns).

qw the Shooter (Spriggan Hunter)                    Turns: 1059, Time: 00:00:14

Health: -3/14      AC:  2    Str:  5 (7)  XL:     2   Next: 20%
Magic:  3/3        EV: 18    Int:  7 (10) God:
Gold:   48         SH:  0    Dex: 17 (18) Spells: 1/1 levels left

rFire   . . .        a - +0 shortbow
rCold   . . .        (shield currently unavailable)
rNeg    . . .        c - +0 robe
rPois   .            (helmet restricted)
rElec   .            (no cloak)
rCorr   .            (gloves unavailable)
SInv    +            (boots unavailable)
Will    .....        (no amulet)
Stlth   ++           (no ring)
HPRegen 0.22/turn    (no ring)
MPRegen 0.08/turn

%: no passive effects
@: lethally poisoned (-3 -> -5), very quick
A: very small, no large weapons, unfitting armour, see invisible, speed 3
a: no special abilities


You were on level 1 of the Dungeon.
You visited 1 branch of the dungeon, and saw 2 of its levels.

You collected 48 gold pieces.


Innate Abilities, Weirdness & Mutations

You are very small and have problems with some larger weapons.
You are too small for most types of armour.
You have supernaturally acute eyesight. (SInv)
You cover ground extremely quickly. (Speed+++)


   Skills:
 - Level 1.5 Fighting
 + Level 4.0 Ranged Weapons
 - Level 4.0 Dodging
 - Level 1.5 Stealth


You had one spell level left.
You didn't know any spells.
Your spell library was empty.

Inventory:

Hand Weapons
 a - a +0 shortbow (weapon)
Armour
 c - a +0 robe (worn)
Potions
 i - a potion of heal wounds {unknown}
 j - a potion of brilliance {unknown}

Dungeon Overview and Level Annotations

Branches:
Dungeon (2/15)

Altars:


Message History

What level of the Dungeon? (default 1, ? - help)
There is a stone staircase leading down here.
You climb downwards.
There is a stone staircase leading up here.
There are monsters nearby!
Waypoint 1 assigned to D:2.
1047 ||| STAIRDANCE The adder hisses angrily.
You climb upwards.
There is a stone staircase leading down here.
You climb downwards.
A quokka comes into view.
There is a stone staircase leading up here.
1051 ||| STAIRDANCE You climb upwards.
There is a stone staircase leading down here.
You climb downwards.
The endoplasm quivers.
The ball python hisses angrily.
The adder misses you. The endoplasm freezes you.
You are frozen.
The adder barely misses you. The endoplasm misses you.
There is a stone staircase leading up here.
1055 ||| STAIRDANCE The adder misses you.
The endoplasm completely misses you.
You climb upwards.
There is a stone staircase leading down here.
You shoot an arrow. The arrow misses the adder.
The adder bites you. x2; The endoplasm closely misses you.
You shoot an arrow. The arrow closely misses the adder.
The adder barely misses you. The endoplasm closely misses you.
The adder bites you.
You are lethally poisoned!
The adder poisons you!
You shoot an arrow. The arrow hits the adder!
The adder is severely wounded.
You feel sick. The adder barely misses you. The endoplasm freezes you.
You are frozen.
You die...

.........#.......................
.......#.#.#..#...........#......
...#####.#.#..###.#..####...#####
...# #.#.#........######..#####
...#####.#.##.#..#..######.......
...##....#.#........######).....#
...##.##.#.#...~~~~..####..¤¤~~..
...##.#..#.#..~~~~~~......¤~~~¤~.
...##.#..#.#..~~@J~~!....¤~¤¤¤~~.
...##.#..#.#..~.S~~~......~~~~~~.
...##.#..#.#...~~~~...##...~~~~..
......#(.#.#..........##........#
......#..#.##.......#.#........##
#........................####...#
......................##.####....
####........#######.#.##.#####...
#............# #.#.##.........


You could see an adder and an endoplasm.

Vanquished Creatures
  A bat (D:1)
  2 endoplasms (D:1)
  2 giant cockroaches (D:1)
  2 hobgoblins (D:1)
  A kobold (D:1)
  A quokka (D:1)
9 creatures vanquished.

Notes
Turn   | Place    | Note
-------+----------+-------------------------------------------
     0 | D:1      | qw the Spriggan Hunter began the quest for the Orb.
     0 | D:1      | Reached XP level 1. HP: 10/10 MP: 2/2
     0 | D:1      | 0 ||| qw: Version: 0.3-a-160-g6735b56
     0 | D:1      | 0 ||| qw: Game counter: 6420
     0 | D:1      | 0 ||| qw: Melee chars always use a shield: true
     0 | D:1      | 0 ||| qw: God list: Okawaru
     0 | D:1      | 0 ||| qw: Allow faded altars: false
     0 | D:1      | 0 ||| qw: Do Orc after clearing Dungeon:15 true
     0 | D:1      | 0 ||| qw: Do second Lair branch before Depths: true
     0 | D:1      | 0 ||| qw: Lair rune preference: random
     0 | D:1      | 0 ||| qw: Goals: Normal
     0 | D:1      | 0 ||| PLANNING D:1-11
    95 | D:1      | HP: 1/10 [quokka (3)]
   138 | D:1      | Reached skill level 3 in Dodging
   291 | D:1      | Reached XP level 2. HP: 14/14 MP: 3/3
   452 | D:1      | Found a faded altar of an unknown god.
   821 | D:1      | 821 ||| DROPPING +6 ring of intelligence.
   822 | D:1      | 822 ||| READING scroll labelled HYME ICAFUE.
   923 | D:1      | 923 ||| READING 3 scrolls labelled KUPTORE HUBLO.
  1024 | D:1      | 1024 ||| READING scroll labelled FUPHIGEOHO.
  1029 | D:1      | 1029 ||| READING scroll labelled OCEAPY MIKAID.
  1030 | D:1      | 1030 ||| READING scroll labelled TASEOSYLLO.
  1030 | D:1      | 1030 ||| IDENTIFYING silvery potion
  1031 | D:1      | 1031 ||| DRINKING 2 murky orange potions.
  1032 | D:1      | 1032 ||| DROPPING scroll of butterflies.
  1033 | D:1      | 1033 ||| DROPPING 2 scrolls of vulnerability.
  1034 | D:1      | 1034 ||| DROPPING potion of attraction.
  1035 | D:1      | 1035 ||| DROPPING potion of degeneration.
  1047 | D:2      | 1047 ||| STAIRDANCE
  1051 | D:2      | 1051 ||| STAIRDANCE
  1055 | D:2      | 1055 ||| STAIRDANCE
  1059 | D:1      | HP: 2/14 [poisoned by an adder]
  1059 | D:1      | Frozen to death by an endoplasm

Levels and vault maps discovered:
D:1:      dpeg_arrival_pits, layout_basic, ebering_ecumenical_altar_mist,
          serial_curves, eino_curves_04, eino_curves_04
D:2:      layout_loops_ring, minmay_tromino_v4_c

Skill      XL: |  1  2 |
---------------+-------+-----
Dodging        | 3 4 |  4.0
Fighting       | |  1.5
Ranged Weapons | |  4.0
Stealth        | |  1.5

Action                     || total
---------------------------++-------
   Fire: Shortbow          ||    34
    Use: Scroll            ||     5
         Potion            ||     1
 Armour: Robe              ||     7
  Dodge: Dodged            ||    18

Table legend:
 A = Non-vault XP
 B = Vault XP
 C = Vault XP percentage of total XP
 D = Non-vault monster count
 E = Vault monster count
 F = Vault count percentage of total count
                 A         B        C        D         E       F
            +---------+---------+-------+---------+---------+-------
      Total |      18 |       0 |   0.0 |       9 |       0 |   0.0
            +---------+---------+-------+---------+---------+-------
        D:1 |      18 |       0 |   0.0 |       9 |       0 |   0.0
            +---------+---------+-------+---------+---------+-------
